 Dungeon Crawl Stone Soup version 0.29-a0-620-g13ace881f2 (webtiles) character file.

Game seed: 7302853698735468646

2157 IdlyInterested the Carver (level 9, -5/65 HPs)
             Began as a Demonspawn Fighter on June 18, 2022.
             Slain by a gnoll
             ... wielding a +0 flail
              (6 damage)
             ... on level 6 of the Dungeon on June 19, 2022.
             The game lasted 00:26:52 (8289 turns).

IdlyInterested the Carver (Demonspawn Fighter)      Turns: 8289, Time: 00:26:52

Health: -5/65      AC: 13    Str: 16      XL:     9   Next: 10%
Magic:  0/13       EV:  7    Int: 15      God:
Gold:   307        SH:  5    Dex: 15 (16) Spells: 13/14 levels left

rFire   . . .      SeeInvis +   l - +0 double sword
rCold   . . .      Faith    .   c - +0 buckler
rNeg    . . .      Spirit   +   A - +2 chain mail {rPois}
rPois   +          Reflect  .   (no helmet)
rElec   .          Harm     .   (no cloak)
rCorr   .          Rampage  .   o - +1 pair of gloves
Will    +....                   (no boots)
Stlth   ..........              e - amulet of the acrobat
HPRegen 0.20/turn               x - ring "Xiczoli" {Fly Will+ SInv}
MPRegen 0.26/turn               y - ring of wizardry

@: lethally poisoned (-5 -> -6), flying
A: magic shield, magic regeneration, big brain 2, weakness stinger 1
a: no special abilities


You were on level 6 of the Dungeon.
You visited 2 branches of the dungeon, and saw 7 of its levels.

You collected 307 gold pieces.

Inventory:

Hand Weapons
 a - a +0 long sword
 l - a +0 double sword (weapon)
Missiles
 d - 2 throwing nets
 h - 2 atropa-tipped darts
 i - 109 stones (quivered)
 u - a boomerang of dispersal
 z - 3 boomerangs
Armour
 c - a +0 buckler (worn)
 k - a +0 leather armour of cold resistance
 o - a +1 pair of gloves (worn)
 A - a +2 chain mail of poison resistance (worn)
Magical Staves
 b - a staff of conjuration
Jewellery
 e - an amulet of the acrobat (around neck)
 s - a ring of protection from cold
 x - the ring "Xiczoli" (left hand) {Fly Will+ SInv}
   (You found it on level 4 of the Dungeon)

   [ring of see invisible]

   SInv:      It lets you see invisible.
   Fly:       It grants you flight.
   Will:      It increases your willpower.
 y - a ring of wizardry (right hand)
Wands
 w - a wand of charming (13)
Scrolls
 f - 3 scrolls of immolation
 g - a scroll of torment
 n - 2 scrolls of fog
 p - 2 scrolls of teleportation
 t - 3 scrolls of amnesia
Potions
 m - 3 potions of flight
 q - a potion of attraction
 r - a potion of curing
 v - 2 potions of brilliance


   Skills:
 - Level 4.0 Fighting
 * Level 8.1 Long Blades
 + Level 1.5 Throwing
 - Level 4.0 Armour
 * Level 3.3 Dodging
 - Level 2.0 Stealth
 - Level 3.0 Shields
 - Level 3.0 Spellcasting
 - Level 3.0 Invocations
 - Level 2.0 Evocations


You had 13 spell levels left.
You knew the following spells:

 Your Spells              Type           Power      Damage    Failure   Level
a - Apportation           Tloc           4%         N/A       83%         1

Your spell library contained the following spells:

 Spells                   Type           Power      Damage    Failure   Level
 Magic Dart               Conj           8%         1d3       83%         1
 Slow                     Hex            8%         N/A       83%         1
 Blink                    Tloc           4%         N/A       92%         2
 Ensorcelled Hibernation  Hex/Ice        4%         N/A       92%         2
 Searing Ray              Conj           4%         2d4       92%         2
 Confusing Touch          Hex            2%         N/A       99%         3
 Spider Form              Tmut/Pois      2%         N/A       99%         3
 Vampiric Draining        Necr           2%         2d6       99%         3
 Anguish                  Hex/Necr       1%         N/A       100%        4
 Fulminant Prism          Conj/Hex       1%         3d6       100%        4
 Alistair's Intoxication  Tmut/Pois      1%         N/A       100%        5
 Blade Hands              Tmut           1%         N/A       100%        5
 Irradiate                Conj/Tmut      1%         3d13      100%        5
 Manifold Assault         Tloc           2%         N/A       100%        5
 Dragon Form              Tmut           1%         N/A       100%        7
 Storm Form               Tmut/Air       1%         N/A       100%        7


Dungeon Overview and Level Annotations

Branches:
Dungeon (6/15)             Temple (1/1) D:5

Altars:
Ashenzari
Cheibriados
Dithmenos
Elyvilon
Fedhas
Hepliaklqana
Makhleb
Nemelex Xobeh
Okawaru
Qazlal
Ru
Trog
Vehumet
Wu Jian
Xom
Yredelemnul
The Shining One


Innate Abilities, Weirdness & Mutations

When hurt, damage is shared between your health and your magic reserves.
You regenerate magic rapidly.
You have an extremely huge brain. (Int +4)
You have a small tail.


Message History

You are poisoned.
The gnoll hits you with a +0 flail.
* * * LOW HITPOINT WARNING * * *
You feel better.
The gnoll hits you from afar with a +3 spear.
The gnoll hits you but does no damage. The gnoll hits you with a +0 flail!
* * * LOW HITPOINT WARNING * * *
The gnoll completely misses you. The gnoll misses you.
You hit the gnoll but do no damage. You tail-slap the gnoll.
The gnoll is moderately wounded.
The gnoll hits you with a +3 spear.
* * * LOW HITPOINT WARNING * * *
The gnoll hits you but does no damage.
You are poisoned.
The gnoll barely misses you.
You hit the gnoll.
The gnoll is heavily wounded.
You feel sick. The gnoll hits you with a +3 spear.
* * * LOW HITPOINT WARNING * * *
The gnoll hits you but does no damage. x2
Unknown command.
You hit the gnoll but do no damage.
The gnoll is heavily wounded.
You feel sick. The gnoll hits you but does no damage.
The gnoll barely misses you. x2
Unknown command.
You barely miss the gnoll. You tail-slap the gnoll.
The gnoll is severely wounded.
You feel sick. The gnoll hits you but does no damage.
The gnoll completely misses you. The gnoll barely misses you.
Unknown command.
You completely miss the gnoll.
You tail-slap the gnoll, but do no damage.
The gnoll is severely wounded.
You feel sick. The gnoll hits you with a +3 spear!
* * * LOW HITPOINT WARNING * * *
The gnoll hits you from afar with a +2 spear of venom.
* * * LOW HITPOINT WARNING * * *
The gnoll hits you with a +0 flail.
You die...

.. .. #. #.# ### .##..
......####.........
............ ..>...
...........##....#.
#..........gg......
#..........@)g.# .
#.........[....#
..#.......##....## ..
...............#
.....#.......#......#
.....##..##.##......#
.....###..............
...<.....#.#...........
.........#.##.......#).


You could see 3 gnolls.

Vanquished Creatures
  The ghost of happo123 the Ruffian, a novice TrTm (D:5)
  Grinder (D:3)
  A yak (D:5)
  A steam dragon (D:6)
  2 black bears
  An ice beast (D:5)
  An ogre (D:5)
  A phantom (D:4)
  A bullfrog (D:6)
  An oklob sapling (D:5)
  A howler monkey (D:6)
  2 centaur zombies (D:3)
  4 hounds
  3 jellies
  An orc priest (D:3)
  A gnoll shaman (D:6)
  2 iguanas (D:5)
  2 orc wizards
  A scorpion zombie (D:3)
  8 gnolls
  13 adders
  A white imp (D:5)
  2 ufetubi
  An adder zombie (D:3)
  2 worms (D:2)
  A dart slug (D:1)
  12 orcs
  6 endoplasms
  2 giant cockroaches
  2 goblins
  10 hobgoblins
  6 jackals
  8 quokkas
  4 ball pythons
  7 bats
  6 frilled lizards
  13 kobolds
  5 rats
137 creatures vanquished.

Vanquished Creatures (others)
  13 plants
13 creatures vanquished.

Grand Total: 150 creatures vanquished

Notes
Turn   | Place    | Note
-------+----------+-------------------------------------------
     0 | D:1      | IdlyInterested the Demonspawn Fighter began the quest for
                  | the Orb.
     0 | D:1      | Reached XP level 1. HP: 18/18 MP: 1/1
   149 | D:1      | Reached skill level 2 in Long Blades
   197 | D:1      | Gained mutation: You regenerate magic rapidly. [demonic
                  | ancestry]
   197 | D:1      | Reached XP level 2. HP: 24/24 MP: 2/2
   997 | D:1      | Reached XP level 3. HP: 29/29 MP: 3/3
  1410 | D:1      | Found a faded altar of an unknown god.
  2131 | D:2      | Reached skill level 1 in Dodging
  2170 | D:2      | Reached skill level 1 in Stealth
  2508 | D:2      | Reached XP level 4. HP: 30/35 MP: 4/4
  3035 | D:1      | Learned a level 1 spell: Apportation
  3167 | D:3      | Found a shadowy altar of Dithmenos.
  3231 | D:3      | Found an iron altar of Okawaru.
  3246 | D:3      | Reached skill level 3 in Long Blades
  3258 | D:3      | Found a basalt altar of Yredelemnul.
  3266 | D:3      | Reached skill level 1 in Throwing
  3338 | D:3      | Gained mutation: You have a small tail. [demonic ancestry]
  3338 | D:3      | Reached XP level 5. HP: 19/41 MP: 5/5
  3842 | D:3      | Found a sacrificial altar of Ru.
  4210 | D:3      | Noticed Grinder
  4218 | D:3      | Reached skill level 1 in Evocations
  4224 | D:3      | Killed Grinder
  4225 | D:3      | Reached skill level 4 in Long Blades
  4225 | D:3      | Reached skill level 1 in Invocations
  4225 | D:3      | Gained mutation: When hurt, damage is shared between your
                  | health and your magic reserves. [demonic ancestry]
  4225 | D:3      | Reached XP level 6. HP: 31/47 MP: 5/7
  4764 | D:4      | Reached skill level 5 in Long Blades
  5012 | D:4      | Gained mutation: You have an unusually large brain. (Int
                  | +2) [demonic ancestry]
  5012 | D:4      | Reached XP level 7. HP: 52/52 MP: 8/8
  5039 | D:4      | Reached skill level 1 in Spellcasting
  5511 | D:4      | Identified the ring "Xiczoli" {Fly Will+ SInv}
  5671 | D:5      | Entered Level 5 of the Dungeon
  6053 | D:5      | Found a staircase to the Ecumenical Temple.
  6217 | D:5      | Noticed a yak
  6218 | D:5      | Noticed happo123's ghost (novice TrTm)
  6224 | D:5      | Found a transporter.
  6233 | D:5      | Found a transporter.
  6336 | D:5      | Reached skill level 6 in Long Blades
  6575 | D:5      | Gained mutation: You have an extremely huge brain. (Int +4)
                  | [demonic ancestry]
  6575 | D:5      | Reached XP level 8. HP: 54/58 MP: 10/12
  6837 | Temple   | Entered the Ecumenical Temple
  7364 | D:5      | Killed happo123's ghost
  7365 | D:5      | Reached skill level 7 in Long Blades
  7908 | D:6      | Reached skill level 8 in Long Blades
  7929 | D:6      | Reached XP level 9. HP: 47/65 MP: 13/13
  8289 | D:6      | HP: 3/65 [gnoll/+3 spear (7)]
  8289 | D:6      | HP: 1/65 [gnoll/+2 spear of venom (2)]
  8289 | D:6      | Slain by a gnoll

Illustrated notes

Levels and vault maps discovered:
D:1:      onia_arrival_pentagram, layout_basic,
          dreamdust_ecumenical_altar_grove, corexii_item_surrounded_by_moat,
          minmay_pentomino_s2
D:2:      minmay_wonky_spiral, layout_loops_ring, dk_noncrumbling_3
D:3:      layout_basic, nicolae_dithmenos_shadow_blocks,
          overflow_temple_1_default, mainiacjoe_overflow_boulevard,
          nicolae_yredelemnul_corpse_copse, chequers_big_river,
          chequers_serial_rivers_small_b, amcnicky_mini_rare_corridor_liquid,
          hangedman_decor_riveting, uniq_grinder
D:4:      layout_basic, nrook_campfire, kennysheep_diamond
D:5:      layout_rooms, minmay_temple_entry_oklob, gammafunk_ghost_arena,
          hangedman_decor_diamond_cutter
D:6:      layout_cave_pools, kennysheep_orc_sif_temple, uniq_crazy_yiuf_cottage
Temple:   oiseaux_autumnal_temple

Skill      XL: |  1  2  3  4  5  6  7  8 |
---------------+-------------------------+-----
Long Blades    | 2 3 4 5 6 8 |  8.1
Armour         | 3 4 |  4.0
Dodging        | 1 2 3 |  3.3
Stealth        | 1 2 |  2.0
Throwing       | 1 |  1.5
Evocations     | 1 2 |  2.0
Invocations    | 1 2 3 |  3.0
Shields        | 3 |  3.0
Spellcasting   | 3 |  3.0
Fighting       | 4 |  4.0

Action                   |  1- 3 |  4- 6 |  7- 9 || total
-------------------------+-------+-------+-------++-------
Melee: Long sword        |   164 |   124 |       ||   288
       Tailslap          |       |    11 |    33 ||    44
       Double sword      |       |    26 |   285 ||   311
Throw: Stone             |       |     5 |     7 ||    12
 Cast: Apportation       |       |     2 |       ||     2
  Use: Scroll            |     4 |     7 |     5 ||    16
       Potion            |     1 |     3 |     7 ||    11
Armor: Scale mail        |    74 |       |       ||    74
       Chain mail        |    24 |   123 |   225 ||   372
Dodge: Dodged            |    74 |    78 |   148 ||   300
Block: Buckler           |    33 |    38 |    84 ||   155

Table legend: (Time is in decaauts)
 A = Elapsed time spent in this place.
 B = Non-inter-level travel time spent in this place.
 C = Inter-level travel time spent in this place.
 D = Time resting spent in this place.
 E = Time spent auto-exploring this place.
 F = Levels seen in this place.
 G = Mean time per level.
                   A        B        C        D        E       F      G
               +--------+--------+--------+--------+--------+-----+--------+
         Total |   8435 |   7749 |    686 |   2508 |   3680 |   7 | 1205.0 |
       Dungeon |   7986 |   7347 |    639 |   2313 |   3486 |   6 | 1331.0 |
        Temple |    448 |    401 |     47 |    195 |    194 |   1 |  448.0 |
               +--------+--------+--------+--------+--------+-----+--------+

Top non-repeatable levels by time:
     D:1: 2237 daAuts
     D:3: 1565 daAuts
     D:5: 1499 daAuts
     D:4: 1009 daAuts
     D:2: 975 daAuts
     D:6: 699 daAuts
  Temple: 448 daAuts
